 Dungeon Crawl Stone Soup version 0.26.0-41-g79a4fc7684 (webtiles) character file.

Game seed: 2648341027192404087

2296 kaeus the Covert (level 9, -3/62 HPs)
             Began as an Octopode Fighter on Jan 27, 2021.
             Was a Follower of Dithmenos.
             Slain by a two-headed ogre
             ... wielding a +0 giant club
              (24 damage)
             ... on level 9 of the Dungeon.
             The game lasted 00:11:54 (7877 turns).

kaeus the Covert (Octopode Fighter)                 Turns: 7877, Time: 00:11:55

Health: -3/62      AC:  5    Str: 15    XL:     9   Next: 40%
Magic:  9/9        EV: 14    Int: 11    God:    Dithmenos [*.....]
Gold:   430        SH: 11    Dex: 14    Spells: 8/8 levels left

rFire    . . .     SeeInvis .   p - +6 hand axe (venom)
rCold    . . .     Faith    .   l - +1 kite shield
rNeg     . . .     Spirit   .   (helmet restricted)
rPois    .         Reflect  .   v - amulet of the acrobat
rElec    .         Harm     .   a - +4 ring of protection
rCorr    .         Rampage  .   q - ring of stealth
Will     .....                  (no ring)
Stlth    +++++++...             (no ring)
HPRegen  0.20/turn              (no ring)
MPRegen  0.11/turn              (no ring)
                                (no ring)
                                (no ring)

@: wreathed by umbra
A: almost no armour, stealthy swim, amphibious, 8 rings, constrict 8, camouflage
1, gelatinous body 1
a: Renounce Religion


You were on level 9 of the Dungeon.
You worshipped Dithmenos.
Dithmenos was aware of your devotion.
You visited 2 branches of the dungeon, and saw 10 of its levels.

You collected 430 gold pieces.

Inventory:

Hand Weapons
 p - a +6 hand axe of venom (weapon)
 A - a +0 short sword of speed
Armour
 l - a +1 kite shield (worn)
Jewellery
 a - a +4 ring of protection (left tentacle)
 q - a ring of stealth (right tentacle)
 v - an amulet of the acrobat (around mantle)
 y - an uncursed amulet of magic regeneration
Wands
 g - a wand of random effects (32)
 i - a wand of paralysis (9)
 j - a wand of flame (19)
 m - a wand of enslavement (1)
 B - a wand of polymorph (5)
Scrolls
 e - 2 scrolls of magic mapping
 f - a scroll of blinking {unknown}
 n - 5 scrolls of identify
 s - 3 scrolls of amnesia
 w - 3 scrolls of remove curse
 C - a scroll of immolation {unknown}
Potions
 b - a potion of attraction {unknown}
 c - a potion of might
 d - a potion of brilliance
 h - 3 potions of curing
 k - a potion of ambrosia {unknown}
 o - a potion of heal wounds {unknown}
 r - a potion of cancellation
 t - 2 potions of mutation {unknown}
 u - a potion of flight
 x - a potion of resistance {unknown}
 z - a potion of magic {unknown}


   Skills:
 + Level 5.8 Fighting
 + Level 5.3 Short Blades
 + Level 5.8 Dodging
 * Level 10.0 Stealth
 + Level 5.8 Shields


You had 8 spell levels left.
You didn't know any spells.
Your spell library was empty.

Dungeon Overview and Level Annotations

Branches:
Dungeon (9/15)             Temple (1/1) D:6
   Lair: D:8-11         Orc: D:9-12

Altars:
Ashenzari
Cheibriados
Dithmenos
Elyvilon
Fedhas
Gozag
Hepliaklqana
Kikubaaqudgha
Makhleb
Nemelex Xobeh
Okawaru
Qazlal
Ru
Sif Muna
Trog
Uskayaw
Vehumet
Wu Jian
Xom
Yredelemnul
Zin
The Shining One

Annotations:
D:4 1 runed translucent door


Innate Abilities, Weirdness & Mutations

You cannot wear most types of armour.
You are very stealthy in the water. (Stealth+)
You are amphibious.
You can wear up to eight rings at the same time.
You can use your tentacles to constrict eight enemies at once.
Your skin changes colour to match your surroundings (Stealth+).
Your rubbery body absorbs attacks. (AC +1, EV +1)


Message History

Your ogre hits the two-headed ogre with a +0 giant spiked club!!
You block the two-headed ogre's attack. The two-headed ogre barely misses you.
You slash the two-headed ogre!
The two-headed ogre is heavily wounded.
Your ogre barely misses the two-headed ogre.
The two-headed ogre barely misses you.
The two-headed ogre hits you with a +0 giant club!!
You take 21 damage, and have 37/62 hp.
MASSIVE DAMAGE!!
You hit the two-headed ogre.
The two-headed ogre looks as sick as possible!
The two-headed ogre is severely wounded.
The two-headed ogre barely misses you.
The two-headed ogre hits you with a +0 giant club!
Your ogre hits the two-headed ogre with a +0 giant spiked club!
You take 16 damage, and have 21/62 hp.
MASSIVE DAMAGE!!
You barely miss the two-headed ogre.
The two-headed ogre is almost dead.
The two-headed ogre barely misses you.
The two-headed ogre hits you with a +0 giant club!!
You die...

####
...
##.#
#@O#
#O.#
#..#
....
...##
#...#
#.#.#
.! .#


You could see a two-headed ogre (extremely poisoned) and a friendly ogre
(charmed).

Vanquished Creatures
  Grinder (D:5)
  Prince Ribbit (D:5)
  Duvessa (D:7)
  An orc warrior (D:8)
  An ogre (D:6)
  A sky beast (D:8)
  A black bear (D:6)
  2 centaurs
  Blork the orc (D:5)
  4 bullfrogs
  Dowan (D:7)
  A water moccasin skeleton (D:8)
  2 howler monkeys
  2 bullfrog zombies (D:5)
  3 jellies
  A centaur skeleton (D:5)
  An orc priest (D:3)
  2 hounds
  3 orc wizards
  Ijyb (D:5)
  Terence (D:2)
  2 iguanas
  A worker ant (D:7)
  4 gnolls (D:6)
  7 adders
  A shadow imp (D:4)
  A white imp (D:8)
  2 ufetubi
  An ooze (D:3)
  2 adder zombies
  An adder skeleton (D:6)
  3 worms
  4 leopard geckos
  16 orcs
  A ball python (D:4)
  10 bats
  7 giant cockroaches
  5 goblins
  5 hobgoblins
  10 jackals
  8 kobolds
  4 quokkas
  11 frilled lizards
  A leopard gecko zombie (D:5)
  5 rats
144 creatures vanquished.

Vanquished Creatures (others)
  An orc wizard (D:7)
  9 plants (D:5)
10 creatures vanquished.

Grand Total: 154 creatures vanquished

Notes
Turn   | Place    | Note
-------+----------+-------------------------------------------
     0 | D:1      | kaeus the Octopode Fighter began the quest for the Orb.
     0 | D:1      | Reached XP level 1. HP: 16/16 MP: 1/1
   108 | D:1      | Reached skill level 1 in Stealth
   235 | D:1      | Reached XP level 2. HP: 21/21 MP: 2/2
   761 | D:1      | Reached skill level 2 in Stealth
   763 | D:1      | Reached XP level 3. HP: 21/26 MP: 3/3
  1646 | D:2      | Noticed Terence
  1654 | D:2      | Killed Terence
  1655 | D:2      | Reached skill level 3 in Stealth
  1655 | D:2      | Reached XP level 4. HP: 2/31 MP: 4/4
  2936 | D:3      | Found a glowing golden altar of the Shining One.
  3122 | D:4      | Reached XP level 5. HP: 36/36 MP: 5/5
  3689 | D:4      | Found a white marble altar of Elyvilon.
  3690 | D:4      | Found a runed translucent door.
  3690 | D:4      | Noticed an angel
  3697 | D:4      | Reached skill level 4 in Stealth
  4330 | D:5      | Entered Level 5 of the Dungeon
  4336 | D:5      | Reached XP level 6. HP: 38/43 MP: 6/6
  4426 | D:5      | HP: 2/43 [centaur (6)]
  4432 | D:5      | HP: 2/64 [quokka (2)]
  4441 | D:5      | HP: 2/64 [orc/+0 club (2)]
  4454 | D:5      | Reached skill level 5 in Stealth
  4765 | D:5      | Reached XP level 7. HP: 35/48 MP: 7/7
  4929 | D:5      | Noticed Ijyb
  4944 | D:5      | Killed Ijyb
  5470 | D:5      | Noticed Prince Ribbit
  5475 | D:5      | Killed Prince Ribbit
  5476 | D:5      | Reached skill level 6 in Stealth
  5532 | D:5      | Noticed Blork the orc
  5536 | D:5      | Killed Blork the orc
  5541 | D:5      | Noticed Grinder
  5547 | D:5      | Killed Grinder
  5548 | D:5      | Reached skill level 7 in Stealth
  5548 | D:5      | Reached XP level 8. HP: 54/54 MP: 8/8
  5866 | D:6      | Reached skill level 5 in Fighting
  5866 | D:6      | Reached skill level 5 in Dodging
  5866 | D:6      | Reached skill level 8 in Stealth
  5866 | D:6      | Reached skill level 5 in Shields
  6161 | D:6      | Found a staircase to the Ecumenical Temple.
  6285 | Temple   | Entered the Ecumenical Temple
  6446 | Temple   | Became a worshipper of Dithmenos the Shadowed
  6709 | D:6      | Reached skill level 9 in Stealth
  7111 | D:6      | Reached XP level 9. HP: 61/61 MP: 9/9
  7209 | D:7      | Found a bloodstained altar of Trog.
  7216 | D:7      | Found an ancient bone altar of Kikubaaqudgha.
  7216 | D:7      | Noticed Duvessa
  7216 | D:7      | Noticed Dowan
  7219 | D:7      | Killed Dowan
  7224 | D:7      | Killed Duvessa
  7225 | D:7      | Reached skill level 5 in Short Blades
  7293 | D:7      | Found a hide-covered altar of Uskayaw.
  7474 | D:7      | Found a broken altar of Ashenzari.
  7590 | D:8      | Reached * piety under Dithmenos
  7832 | D:8      | Reached skill level 10 in Stealth
  7866 | D:8      | Noticed a two-headed ogre
  7877 | D:9      | Slain by a two-headed ogre

Illustrated notes

Levels and vault maps discovered:
D:1:      giann_bridges, layout_basic, minmay_tetromino_i4
D:2:      layout_basic, minmay_misc_feat_pillars, uniq_terence
D:3:      layout_rooms, lemuel_crystal_altar, st_stairs_13
D:4:      layout_loops_corners, lemuel_angel_altar
D:5:      layout_rooms, roderic_roman_lattice, minmay_lizard_king, uniq_ijyb,
          uniq_prince_ribbit1, uniq_blork_the_orc, uniq_grinder
D:6:      layout_basic, minmay_temple_entry_antechambers
D:7:      layout_rooms, lemuel_round_altar, grunt_temple_overflow_open,
          cheibrodos_ashenzari_chains, uniq_duvessa
D:8:      layout_loops_cross
D:9:      layout_basic, orc_0_dummy, kb_lookout_dungeons_type,
          lemuel_flamethrower_hall
Temple:   regret_index_temple_mists

Skill      XL: |  1  2  3  4  5  6  7  8  9 |
---------------+----------------------------+-----
Stealth        | 1 2 3 4 5 7 9 10 | 10.0
Short Blades   | 3 4 5 |  5.3
Dodging        | 4 5 |  5.8
Shields        | 4 5 |  5.8
Fighting       | 4 5 |  5.8

Action                   |  1- 3 |  4- 6 |  7- 9 || total
-------------------------+-------+-------+-------++-------
Melee: Rapier            |    63 |     6 |       ||    69
       Constrict         |    19 |    20 |    30 ||    69
       Tentacles         |    11 |    11 |    28 ||    50
       Hand axe          |       |    68 |   134 ||   202
       Short sword       |       |    46 |       ||    46
       Unarmed           |       |       |     6 ||     6
Evoke: Wand              |       |       |     1 ||     1
  Use: Potion            |       |    10 |       ||    10
       Scroll            |       |       |    11 ||    11
 Stab: Sleeping          |     7 |     8 |    26 ||    41
       Distracted        |       |       |     1 ||     1
Armor: Skin              |     6 |    97 |    17 ||   120
Dodge: Dodged            |    23 |    35 |    65 ||   123
Block: Kite shield       |    35 |    80 |    58 ||   173
